3AA
MARQUETTE MINERS @ BILLINGS POLAR BEARS
07/19/2041
 
TOP OF THE 1ST
Marquette Miners batting - Pitching for Billings Polar Bears : LHP Mark Greenwood
Pitching: LHP Mark Greenwood
Batting: RHB Jesús Méndez 0-0: Fly out, F8 (Flyball, 78M, EV 91.2 MPH)
Batting: RHB Tom Hendrickson 0-0: Ball
1-0: Swinging Strike
1-1: Foul Ball, location: 2F
1-2: Ground out 1-3 (Groundball, 13, EV 75.6 MPH)
Batting: LHB Wyatt Quick 0-0: Called Strike
0-1: Foul Ball, location: 2F
0-2: Strikes out looking
Top of the 1st over - 0 runs, 0 hits, 0 errors, 0 left on base; Marquette 0 - Billings 0
BOTTOM OF THE 1ST
Billings Polar Bears batting - Pitching for Marquette Miners : LHP Zi-cheng Pei
Pitching: LHP Zi-cheng Pei
Batting: RHB Scot Roberts 0-0: Called Strike
0-1: Ball
1-1: Called Strike
1-2: Ground out 6-3 (Groundball, 6, EV 98.8 MPH)
Batting: RHB Rubén Balderas 0-0: Ball
1-0: Ball
2-0: Reached on error, E3 (Groundball, 34, EV 96.9 MPH)
Batting: RHB Jesse Winters 0-0: Ball
1-0: Swinging Strike
1-1: DOUBLE (Flyball, 7LD, EV 106.2 MPH)
Rubén Balderas to third
Runner from 3rd tries for Home, SAFE, throw by LF to home
Batting: LHB Augusto Reyes 0-0: Ball
1-0: Ball
Jesse Winters steals 3rd base
2-0: Called Strike
2-1: Foul Ball, location: 2F
2-2: Ball
3-2: Fly out, F7 (Flyball, 7LD, EV 102.5 MPH)
Runner from 3rd tags up, SCORES, no throw by LF
Batting: RHB Luke Crawford 0-0: Ball
1-0: Foul Ball, location: 2F
1-1: Reached on error, E1 (Groundball, P, EV 83.8 MPH)
Batting: RHB Bert Allison 0-0: Ball
1-0: Ball
2-0: Foul Ball, location: 2F
2-1: Foul Ball, location: 2F
2-2: Ball
3-2: Strikes out looking
Bottom of the 1st over - 2 runs, 1 hit, 2 errors, 1 left on base; Marquette 0 - Billings 2
TOP OF THE 2ND
Marquette Miners batting - Pitching for Billings Polar Bears : LHP Mark Greenwood
Batting: RHB Kiril Neuvel 0-0: Ball
1-0: Ball
2-0: Foul Ball, location: 2F
2-1: Ground out 1-3 (Groundball, 34S, EV 93.8 MPH)
Batting: RHB Martin Payton 0-0: Foul Ball, location: 2F
0-1: Ground out 1-3 (Groundball, 15, EV 85.6 MPH)
Batting: LHB Leslie Small 0-0: Ball
1-0: Ball
2-0: Called Strike
2-1: Foul Ball, location: 2F
2-2: Ball
3-2: Strikes out swinging
Top of the 2nd over - 0 runs, 0 hits, 0 errors, 0 left on base; Marquette 0 - Billings 2
BOTTOM OF THE 2ND
Billings Polar Bears batting - Pitching for Marquette Miners : LHP Zi-cheng Pei
Batting: RHB Edward Johnson 0-0: Ball
1-0: Ground out 5-3 (Groundball, 56S, EV 80.0 MPH)
Batting: RHB Steve Roberson 0-0: Ball
1-0: Called Strike
1-1: Called Strike
1-2: Strikes out swinging
Batting: LHB Armando Ventura 0-0: Ball
1-0: Swinging Strike
1-1: Foul Ball, location: 2F
1-2: Ball
2-2: Foul Ball, location: 2F
2-2: Foul Ball, location: 2F
2-2: Foul Ball, location: 2F
2-2: Foul Ball, location: 2F
2-2: Ball
3-2: Base on Balls
Batting: RHB Scot Roberts 0-0: Ball
1-0: Ball
2-0: Foul Ball, location: 2F
2-1: Ball
3-1: SINGLE (Line Drive, 7S, EV 110.6 MPH)
Armando Ventura to second
Runner from 2nd tries for 3rd, SAFE, throw by LF made to third
Batting: RHB Rubén Balderas 0-0: Ball
1-0: Called Strike
1-1: Fly out, F7 (Flyball, 7D, EV 84.4 MPH)
Bottom of the 2nd over - 0 runs, 1 hit, 0 errors, 2 left on base; Marquette 0 - Billings 2
TOP OF THE 3RD
Marquette Miners batting - Pitching for Billings Polar Bears : LHP Mark Greenwood
Batting: RHB Andy Noonkester 0-0: Ball
1-0: Foul Ball, location: 2F
1-1: Foul Ball, location: 2F
1-2: Strikes out swinging
Batting: RHB Eduard Argelander 0-0: Ground out 5-3 (Groundball, 5, EV 78.8 MPH)
Batting: RHB Chris Thompson 0-0: Ball
1-0: Foul Ball, location: 2F
1-1: Called Strike
1-2: Strikes out swinging
Top of the 3rd over - 0 runs, 0 hits, 0 errors, 0 left on base; Marquette 0 - Billings 2
BOTTOM OF THE 3RD
Billings Polar Bears batting - Pitching for Marquette Miners : LHP Zi-cheng Pei
Batting: RHB Jesse Winters 0-0: Fly out, F9 (Flyball, 9, EV 93.1 MPH)
Batting: LHB Augusto Reyes 0-0: Ball
1-0: Ball
2-0: Ball
3-0: Base on Balls
Batting: RHB Luke Crawford 0-0: Ball
Wild Pitch!
Augusto Reyes to second
1-0: Ball
2-0: Ball
3-0: Foul Ball, location: 2F
3-1: Base on Balls
Batting: RHB Bert Allison 0-0: Swinging Strike
0-1: Called Strike
0-2: Foul Ball, location: 2F
0-2: Ball
1-2: Ball
2-2: Fielders Choice at 2nd, 4-6 (Groundball, 4, EV 84.4 MPH)
Augusto Reyes to third
Batting: RHB Edward Johnson 0-0: Called Strike
0-1: Ball
1-1: Foul Ball, location: 2F
1-2: Ball
2-2: Ball
3-2: Fly out, F7 (Flyball, 7LMF, EV 105.6 MPH)
Bottom of the 3rd over - 0 runs, 0 hits, 0 errors, 2 left on base; Marquette 0 - Billings 2
TOP OF THE 4TH
Marquette Miners batting - Pitching for Billings Polar Bears : LHP Mark Greenwood
Batting: RHB Jesús Méndez 0-0: Ball
1-0: Fly out, F8 (Flyball, 8RD, EV 96.9 MPH)
Batting: RHB Tom Hendrickson 0-0: Ball
1-0: Called Strike
1-1: Ground out U3 (Groundball, 34, EV 90.0 MPH)
Batting: LHB Wyatt Quick 0-0: Ball
1-0: Ball
2-0: Called Strike
2-1: Foul Ball, location: 2F
2-2: Strikes out swinging, 2-3 out at first.
Top of the 4th over - 0 runs, 0 hits, 0 errors, 0 left on base; Marquette 0 - Billings 2
BOTTOM OF THE 4TH
Billings Polar Bears batting - Pitching for Marquette Miners : LHP Zi-cheng Pei
Batting: RHB Steve Roberson 0-0: Fly out, F6 (Line Drive, 6, EV 67.5 MPH)
Batting: LHB Armando Ventura 0-0: Foul Ball, location: 2F
0-1: DOUBLE (Flyball, 8LXD, EV 86.2 MPH)
Batting: RHB Scot Roberts 0-0: Ball
Armando Ventura steals 3rd base
1-0: Ball
2-0: Foul Ball, location: 2F
2-1: Ball
3-1: Reached on error, E3 (Groundball, 34, EV 100.6 MPH)
Armando Ventura scores
Batting: RHB Rubén Balderas 0-0: Ball
1-0: Ball
2-0: Foul Ball, location: 2F
2-1: Fly out, F4 (Line Drive, 4, EV 72.5 MPH)
Batting: RHB Jesse Winters 0-0: Called Strike
0-1: 2-RUN HOME RUN (Flyball, 7D, EV 95.0 MPH), Distance : 408 ft
Batting: LHB Augusto Reyes 0-0: Called Strike
0-1: Ball
1-1: Fly out, F5 (Popup, 5SF, EV 77.5 MPH)
Bottom of the 4th over - 3 runs, 2 hits, 1 error, 0 left on base; Marquette 0 - Billings 5
TOP OF THE 5TH
Marquette Miners batting - Pitching for Billings Polar Bears : LHP Mark Greenwood
Batting: RHB Kiril Neuvel 0-0: Foul Ball, location: 2F
0-1: Called Strike
0-2: Fly out, F4 (Flyball, 34D, EV 91.9 MPH)
Batting: RHB Martin Payton 0-0: Ball
1-0: Called Strike
1-1: Swinging Strike
1-2: Ball
2-2: Ball
3-2: Strikes out swinging
Batting: LHB Leslie Small 0-0: Called Strike
0-1: Fly out, F7 (Flyball, 7S, EV 92.5 MPH)
Top of the 5th over - 0 runs, 0 hits, 0 errors, 0 left on base; Marquette 0 - Billings 5
BOTTOM OF THE 5TH
Billings Polar Bears batting - Pitching for Marquette Miners : LHP Zi-cheng Pei
Batting: RHB Luke Crawford 0-0: Called Strike
0-1: Ball
1-1: DOUBLE (Line Drive, 7LM, EV 109.4 MPH)
Batting: RHB Bert Allison 0-0: Ball
1-0: Ball
2-0: Ground out 6-3 (Groundball, 6, EV 100.6 MPH)
Pitching: RHP Kane Duckering
Batting: RHB Edward Johnson 0-0: Ball
1-0: Ball
2-0: Called Strike
2-1: Ball
3-1: Ground out U3 (Groundball, 3, EV 86.9 MPH)
Luke Crawford to third
Batting: RHB Steve Roberson 0-0: Ball
1-0: Foul Ball, location: 2F
1-1: Ball
2-1: Swinging Strike
2-2: Ball
3-2: Foul Ball, location: 2F
3-2: Strikes out swinging
Bottom of the 5th over - 0 runs, 1 hit, 0 errors, 1 left on base; Marquette 0 - Billings 5
TOP OF THE 6TH
Marquette Miners batting - Pitching for Billings Polar Bears : LHP Mark Greenwood
Batting: RHB Andy Noonkester 0-0: Ball
1-0: SINGLE (Line Drive, 6MD, EV 95.6 MPH)
Batting: RHB Eduard Argelander 0-0: Called Strike
0-1: Ball
1-1: Ball
2-1: Ball
3-1: SINGLE (Groundball, 6, EV 111.2 MPH) (infield hit)
Andy Noonkester to second
Batting: RHB Chris Thompson 0-0: Ball
1-0: Grounds into double play, 3-6-3 (Groundball, 34, EV 88.8 MPH)
Andy Noonkester to third
Batting: RHB Jesús Méndez 0-0: Called Strike
0-1: Called Strike
0-2: Ball
1-2: Fly out, F5 (Popup, 5S, EV 74.4 MPH)
Top of the 6th over - 0 runs, 2 hits, 0 errors, 1 left on base; Marquette 0 - Billings 5
BOTTOM OF THE 6TH
Billings Polar Bears batting - Pitching for Marquette Miners : RHP Kane Duckering
Batting: LHB Armando Ventura 0-0: Ball
1-0: Ground out 6-3 (Groundball, 6, EV 90.0 MPH)
Batting: RHB Scot Roberts 0-0: Swinging Strike
0-1: Fly out, F8 (Flyball, 8RS, EV 80.0 MPH)
Batting: RHB Rubén Balderas 0-0: Called Strike
0-1: Ball
1-1: Swinging Strike
1-2: Ball
2-2: Foul Ball, location: 2F
2-2: Strikes out swinging
Bottom of the 6th over - 0 runs, 0 hits, 0 errors, 0 left on base; Marquette 0 - Billings 5
TOP OF THE 7TH
Marquette Miners batting - Pitching for Billings Polar Bears : LHP Mark Greenwood
Batting: RHB Tom Hendrickson 0-0: Ball
1-0: Ball
2-0: Ball
3-0: Called Strike
3-1: Foul Ball, location: 2F
3-2: Strikes out swinging
Batting: LHB Wyatt Quick 0-0: Called Strike
0-1: Foul Ball, location: 2F
0-2: Ball
1-2: Strikes out swinging
Batting: RHB Kiril Neuvel 0-0: Ball
1-0: Ball
2-0: Ball
3-0: Base on Balls
Batting: RHB Martin Payton 0-0: Foul Ball, location: 2F
0-1: Called Strike
0-2: Ball
1-2: Ground out 5-3 (Groundball, 5S, EV 65.6 MPH)
Top of the 7th over - 0 runs, 0 hits, 0 errors, 1 left on base; Marquette 0 - Billings 5
BOTTOM OF THE 7TH
Billings Polar Bears batting - Pitching for Marquette Miners : RHP Kane Duckering
Batting: RHB Jesse Winters 0-0: Called Strike
0-1: Ball
1-1: Called Strike
1-2: Strikes out swinging
Batting: LHB Augusto Reyes 0-0: Called Strike
0-1: Fly out, F3 (Line Drive, 3, EV 73.1 MPH)
Batting: RHB Luke Crawford 0-0: Ball
1-0: Ball
2-0: DOUBLE (Flyball, 89D, EV 105.6 MPH)
Batting: RHB Bert Allison 0-0: Ball
1-0: Ball
2-0: Called Strike
2-1: Ball
3-1: Called Strike
3-2: Base on Balls
Batting: RHB Edward Johnson 0-0: Fielders Choice at 2nd, 6-4 (Groundball, 6, EV 105.6 MPH)
Bottom of the 7th over - 0 runs, 1 hit, 0 errors, 2 left on base; Marquette 0 - Billings 5
TOP OF THE 8TH
Marquette Miners batting - Pitching for Billings Polar Bears : LHP Mark Greenwood
Pitching: RHP Ryan Robertson
Batting: LHB Leslie Small 0-0: Ball
1-0: Foul Ball, location: 2F
1-1: Ball
2-1: Fly out, F7 (Flyball, 7, EV 95.0 MPH)
Batting: RHB Andy Noonkester 0-0: Fly out, F7 (Line Drive, 7, EV 91.2 MPH)
Batting: RHB Eduard Argelander 0-0: Called Strike
0-1: Ball
1-1: Ground out 6-3 (Groundball, 6, EV 86.2 MPH)
Top of the 8th over - 0 runs, 0 hits, 0 errors, 0 left on base; Marquette 0 - Billings 5
BOTTOM OF THE 8TH
Billings Polar Bears batting - Pitching for Marquette Miners : RHP Kane Duckering
Batting: RHB Steve Roberson 0-0: Ball
1-0: Called Strike
1-1: Fly out, F8 (Line Drive, 8RD, EV 88.1 MPH)
Batting: LHB Armando Ventura 0-0: Swinging Strike
0-1: Ball
1-1: Ball
2-1: Called Strike
2-2: Ball
3-2: Foul Ball, location: 2F
3-2: Base on Balls
Pitching: LHP Shan-bo Kang
Batting: RHB Scot Roberts 0-0: Foul Ball, location: 2F
0-1: Ball
1-1: Foul Ball, location: 2F
1-2: Ground out 5-3 (Groundball, 56, EV 83.8 MPH)
Armando Ventura to second
Batting: RHB Rubén Balderas 0-0: Ball
1-0: Foul Ball, location: 2F
1-1: Ground out 4-3 (Groundball, 4M, EV 101.2 MPH)
Bottom of the 8th over - 0 runs, 0 hits, 0 errors, 1 left on base; Marquette 0 - Billings 5
TOP OF THE 9TH
Marquette Miners batting - Pitching for Billings Polar Bears : RHP Ryan Robertson
Batting: RHB Chris Thompson 0-0: Ball
1-0: Ball
2-0: Ball
3-0: Base on Balls
Batting: RHB Jesús Méndez 0-0: Ball
1-0: Ball
2-0: Ball
Wild Pitch!
Chris Thompson to second
3-0: Base on Balls
Batting: RHB Tom Hendrickson 0-0: Foul Ball, location: 2F
0-1: Called Strike
0-2: Strikes out looking
Batting: LHB Wyatt Quick 0-0: SINGLE (Line Drive, 4D, EV 98.1 MPH)
Chris Thompson to third
Jesús Méndez to second
Pitching: LHP Arturo Cuellar
Batting: RHB Kiril Neuvel 0-0: Ball
1-0: Swinging Strike
1-1: Ball
2-1: Ball
3-1: Swinging Strike
3-2: Strikes out swinging
Batting: RHB Martin Payton 0-0: Called Strike
0-1: Ball
1-1: Ball
Wild Pitch!
Chris Thompson scores
Jesús Méndez to third
Wyatt Quick to second
2-1: Called Strike
2-2: Foul Ball, location: 2F
2-2: SINGLE (Line Drive, 89S, EV 98.8 MPH)
Jesús Méndez scores
Wyatt Quick to third
Batting: LHB Leslie Small 0-0: Ball
1-0: Called Strike
1-1: Called Strike
1-2: Strikes out swinging
Top of the 9th over - 2 runs, 2 hits, 0 errors, 2 left on base; Marquette 2 - Billings 5
Tuesday, January 5th, 2021 - OOTP Baseball 20.8 Build 74